 Dungeon Crawl Stone Soup version 0.27-a0-931-g5a74e75d8f (webtiles) character file.

Game seed: 5135332743260547003

8 Alarkh the Insei (level 2, 22/22 HPs)
             Began as a Demonspawn Gladiator on Apr 10, 2021.
             Got out of the dungeon alive.
             The game lasted 00:00:17 (470 turns).

Alarkh the Insei (Demonspawn Gladiator)              Turns: 470, Time: 00:00:17

Health: 22/22      AC:  4    Str: 14    XL:     2   Next: 0%
Magic:  2/2        EV: 12    Int:  9    God:
Gold:   50         SH:  0    Dex: 14    Spells: 1/1 levels left

rFire    . . .     SeeInvis .     - Unarmed
rCold    . . .     Faith    .   (no shield)
rNeg     . . .     Spirit   .   a - +0 leather armour
rPois    .         Reflect  .   b - +0 helmet
rElec    .         Harm     .   (no cloak)
rCorr    .         Rampage  .   (no gloves)
Will     .....                  (no boots)
Stlth    +.........             (no amulet)
HPRegen  0.07/turn              (no ring)
MPRegen  0.08/turn              (no ring)

@: no status effects
A: talons 1
a: no special abilities


You escaped.
You visited 1 branch of the dungeon, and saw 1 of its levels.

You collected 50 gold pieces.

Inventory:

Missiles
 c - 3 throwing nets (quivered)
Armour
 a - a +0 leather armour (worn)
 b - a +0 helmet (worn)
Jewellery
 d - a ring of protection from fire
Potions
 e - a potion of might {unknown}


   Skills:
 + Level 2.2 Fighting
 - Level 1.7 Throwing
 - Level 2.6 Dodging
 * Level 3.1 Unarmed Combat


You had one spell level left.
You didn't know any spells.
Your spell library was empty.

Dungeon Overview and Level Annotations

Branches:
Dungeon (1/15)

Altars:


Innate Abilities, Weirdness & Mutations

You have sharp toenails.


Message History

The bat is heavily wounded.
The bat hits you but does no damage. The bat barely misses you.
You hit the bat.
You kill the bat!
The bat closely misses you.
You closely miss the bat. Your punch misses the bat.
The bat hits you but does no damage.
You closely miss the bat. The bat closely misses you.
You miss the bat. The bat barely misses you. The bat misses you.
The bat barely misses you. The bat barely misses you.
You barely miss the bat. The bat hits you but does no damage. x2
You closely miss the bat. The bat hits you. The bat barely misses you.
You hit the bat but do no damage. The bat hits you.
The bat hits you but does no damage.
You barely miss the bat. The bat hits you but does no damage.
The bat barely misses you.
You hit the bat but do no damage. The bat barely misses you.
The bat closely misses you. The bat hits you but does no damage.
You hit the bat.
The bat is severely wounded.
The bat hits you. The bat hits you but does no damage.
The bat closely misses you. The bat hits you but does no damage.
The bat completely misses you.
You hit the bat.
You kill the bat!
You have reached level 2!
Your demonic ancestry asserts itself...
Your toenails lengthen and sharpen.
Unknown command.
You open the door.
There is an open door here.
There is an open door here.
There is a staircase leading out of the dungeon here.
Are you sure you want to leave the Dungeon?
This will make you lose the game!
You have escaped!

#+#######+# #########
#.........## #.##.##.# #...#
##...## #.##.##..
#.#.#.###.#.#.## ##.##.##.. #.
#.##.#.##.##.## #...#.##.. ##.
#.###.###.###.###...#.##..
##.####.##.#.##.####.##.(.#.##..
+.........###..@......'...#.##..
#..####.### ###.####..#...#.##..
#.#.###รท# #.###.#.#...#.##..
#.##.#.## ##.#.##.#...#.##..
#.###.## ##.###.#...#.##..
#.##.#.## ##.#.##.#...#.####
##.#.###.# #.###.#.###.#...#
.#..####.### ###.####..#.#.#...#
.'.........###.........'...#...#


There were no monsters in sight!

Vanquished Creatures
  A giant cockroach (D:1)
  A hobgoblin (D:1)
  6 bats (D:1)
8 creatures vanquished.

Notes
Turn   | Place    | Note
-------+----------+-------------------------------------------
     0 | D:1      | Alarkh the Demonspawn Gladiator began the quest for the
                  | Orb.
     0 | D:1      | Reached XP level 1. HP: 16/16 MP: 1/1
   194 | D:1      | Reached skill level 3 in Unarmed Combat
   431 | D:1      | Gained mutation: You have sharp toenails. [demonic
                  | ancestry]
   431 | D:1      | Reached XP level 2. HP: 19/22 MP: 2/2
   470 | D:$      | Got out of the dungeon alive.

Illustrated notes

Levels and vault maps discovered:
D:1:      roderic_octagonal_star, layout_basic, serial_shops, shop,
          serial_corexii_hall, chequers_hall_statues_y, corexii_hall_statues_l,
          corexii_hall_statues_u, chequers_hall_statues_corner_a,
          serial_bayou_crossing

Skill      XL: |  1 |
---------------+----+-----
Unarmed Combat | 3 |  3.1
Fighting       | |  2.2
Throwing       | |  1.7
Dodging        | |  2.6

Action                   || total
-------------------------++-------
Melee: Unarmed           ||    37
 Stab: Sleeping          ||     1
Armor: Leather armour    ||    16
Dodge: Dodged            ||    42

Table legend: (Time is in decaauts)
 A = Elapsed time spent in this place.
 B = Non-inter-level travel time spent in this place.
 C = Inter-level travel time spent in this place.
 D = Time resting spent in this place.
 E = Time spent auto-exploring this place.
 F = Levels seen in this place.
 G = Mean time per level.
                   A        B        C        D        E       F      G
               +--------+--------+--------+--------+--------+-----+--------+
         Total |    467 |    429 |     38 |      0 |    347 |   1 |  467.0 |
       Dungeon |    467 |    429 |     38 |      0 |    347 |   1 |  467.0 |
               +--------+--------+--------+--------+--------+-----+--------+

Top non-repeatable levels by time:
     D:1: 467 daAuts
